 Dungeon Crawl Stone Soup version 0.30-a0-757-ga6a79fd877 (webtiles) character file.

Game seed: 5264245422800742808

47 Monkooky the Cutter (level 3, -4/28 HPs)
             Began as a Human Wanderer on Feb 9, 2023.
             Slain by a gnoll
             ... wielding a +0 spear
              (9 damage)
             ... on level 2 of the Dungeon.
             The game lasted 00:01:56 (1143 turns).

Monkooky the Cutter (Human Wanderer)                Turns: 1143, Time: 00:01:57

Health: -4/28      AC:  4    Str: 13    XL:     3   Next: 97%
Magic:  3/3        EV: 12    Int: 10    God:
Gold:   60         SH:  0    Dex: 15    Spells: 2/2 levels left

rFire   + . .      SeeInvis .    j - +2 short sword (elec)
rCold   + . .      Faith    .    (no shield)
rNeg    . . .      Spirit   .    e - +0 leather armour
rPois   .          Reflect  .    (no helmet)
rElec   .          Harm     .    f - scarf {rC+ rF+}
rCorr   .          Rampage  .    c - +0 pair of gloves
Will    .....                    (no boots)
Stlth   +                        (no amulet)
HPRegen 0.24/turn                (no ring)
MPRegen 0.08/turn                (no ring)

@: attractive
A: no striking features
a: no special abilities


You were on level 2 of the Dungeon.
You visited 1 branch of the dungeon, and saw 2 of its levels.

You collected 60 gold pieces.

Inventory:

Hand Weapons
 a - a +2 short sword
 b - a +0 hand axe
 g - a +0 sling
 j - a +2 short sword of electrocution (weapon)
Armour
 c - a +0 pair of gloves (worn)
 e - a +0 leather armour (worn)
 f - a scarf of resistance (worn)
Scrolls
 d - a scroll of vulnerability
 i - a scroll of poison {unknown}
 k - a scroll of amnesia {unknown}
Potions
 h - a potion of attraction


   Skills:
 - Level 2.8 Fighting
 - Level 3.0(3.1) Short Blades
 * Level 1.1(2.2) Long Blades
 - Level 2.0 Axes
 - Level 1.0 Throwing
 - Level 2.0 Dodging
 - Level 1.0 Stealth
 - Level 1.0 Invocations


You had 2 spell levels left.
You didn't know any spells.
Your spell library was empty.

Dungeon Overview and Level Annotations

Branches:
Dungeon (2/15)

Altars:
Xom


Message History

The endoplasm freezes you.
You are frozen.
You resist. The frilled lizard closely misses you.
You hit the endoplasm.
Lightning courses through the endoplasm!
You kill the endoplasm!
The gnoll barely misses you.
The frilled lizard bites you but does no damage.
You barely miss the frilled lizard.
The gnoll hits you from afar with a +0 spear.
The frilled lizard barely misses you.
You barely miss the endoplasm. The gnoll misses you. The endoplasm misses you.
The frilled lizard bites you but does no damage.
You hit the endoplasm.
The endoplasm is severely wounded.
The endoplasm freezes you.
You are frozen.
You resist.
The gnoll hits you from afar with a +0 spear.
The frilled lizard bites you.
You are too injured to fight recklessly!
You are too injured to fight recklessly!
There are monsters nearby!
A dart slug comes into view.
You are too injured to fight recklessly!
You hit the endoplasm.
The endoplasm is almost dead.
You puncture the endoplasm!
You kill the endoplasm!
The gnoll closely misses you. The gnoll hits you with a +0 spear.
* * * LOW HITPOINT WARNING * * *
You barely miss the gnoll. The gnoll closely misses you.
You hit the gnoll but do no damage. The gnoll hits you with a +0 spear.
* * * LOW HITPOINT WARNING * * *
You hit the gnoll.
The gnoll is lightly wounded.
The gnoll completely misses you.
It was a potion of attraction.
You feel attractive to monsters. The gnoll hits you with a +0 spear!
You die...

... #.##.......##.# ....
...###.##.####...#.####...
..........# #?..#.#..(.##
..........# ###..........
..........# ##....##.##.
.........## ##.........
###.....## ##..#.###...
.##.##### #.g.#... .#..#
#@#...#... ...##
#w##.##.#.# .### #...# .#
. # .# .w..### .# . .#
...... .. ## .# ..... .#
<# ..... ## .... ....


You could see a gnoll and a dart slug.

Vanquished Creatures
  A gnoll (D:1)
  An adder (D:2)
  3 ball pythons (D:1)
  3 endoplasms (D:2)
  3 goblins (D:1)
  2 hobgoblins (D:1)
  3 kobolds
  2 quokkas (D:1)
  3 bats
  2 frilled lizards (D:1)
  3 rats
26 creatures vanquished.

Notes
Turn   | Place    | Note
-------+----------+-------------------------------------------
     0 | D:1      | Monkooky the Human Wanderer began the quest for the Orb.
     0 | D:1      | Monkooky set off with the following items: a +2 short
                  | sword, a +0 hand axe, a +0 pair of gloves, a scroll of
                  | vulnerability, a +0 leather armour.
     0 | D:1      | Reached XP level 1. HP: 13/13 MP: 1/1
    11 | D:1      | Found a faded altar of an unknown god.
    16 | D:1      | Reached skill level 1 in Fighting
    16 | D:1      | Reached XP level 2. HP: 14/22 MP: 2/2
    21 | D:1      | Prayed at the altar of an unknown god.
    21 | D:1      | Became a worshipper of Xom of Many Doors
    43 | D:1      | XOM: silly message
    57 | D:1      | Fell from the grace of Xom
   235 | D:1      | Reached XP level 3. HP: 28/28 MP: 3/3
  1128 | D:2      | Reached skill level 1 in Long Blades
  1143 | D:2      | Slain by a gnoll

Illustrated notes

Levels and vault maps discovered:
D:1:      dpeg_arrival_tiny_k, layout_loops_corners,
          shapermc_ecumenical_altar_mp_highgroup
D:2:      layout_rooms, columned_hall_lemuel, minmay_pentomino_s4, uniq_jessica,
          uniq_robin, uniq_sigmund

Skill      XL: |  1  2  3 |
---------------+----------+-----
Fighting       | 1 2 |  2.8
Long Blades    | 1 |  1.1
Short Blades   | |  3.0
Axes           | |  2.0
Throwing       | |  1.0
Dodging        | |  2.0
Stealth        | |  1.0
Invocations    | |  1.0

Action                     || total
---------------------------++-------
  Melee: Short sword       ||    86
 Invoke: Renounce Religion ||     1
    Use: Potion            ||     1
   Stab: Sleeping          ||     2
 Armour: Leather armour    ||    24
  Dodge: Dodged            ||    59

Table legend: (Time is in decaauts)
 A = Elapsed time spent in this place.
 B = Non-inter-level travel time spent in this place.
 C = Inter-level travel time spent in this place.
 D = Time resting spent in this place.
 E = Time spent auto-exploring this place.
 F = Levels seen in this place.
 G = Mean time per level.
                   A        B        C        D        E       F      G
               +--------+--------+--------+--------+--------+-----+--------+
         Total |   1138 |   1096 |     42 |      0 |    912 |   2 |  569.0 |
       Dungeon |   1138 |   1096 |     42 |      0 |    912 |   2 |  569.0 |
               +--------+--------+--------+--------+--------+-----+--------+

Top non-repeatable levels by time:
     D:1: 1018 daAuts
     D:2: 120 daAuts
